 Dungeon Crawl Stone Soup version 0.31-a0-229-g1fc7ce93e2 (webtiles) character file.

Game seed: 92010463716543369

623 qw the Skirmisher (level 7, -4/59 HPs)
             Began as a Minotaur Hexslinger on July 6, 2023.
             Slain by a black bear (5 damage)
             ... on level 5 of the Dungeon.
             The game lasted 00:01:27 (3626 turns).

qw the Skirmisher (Minotaur Hexslinger)             Turns: 3626, Time: 00:01:27

Health: -4/59      AC:  5    Str: 13    XL:     7   Next: 22%
Magic:  7/7        EV: 12    Int: 10    God:
Gold:   151        SH:  0    Dex: 14    Spells: 7/8 levels left

rFire   . . .        Y - +0 arbalest
rCold   . . .        (shield currently unavailable)
rNeg    + + .        f - +2 robe "Ylere" {rElec rPois rN++ Stlth-}
rPois   +            (helmet restricted)
rElec   +            g - +0 cloak
rCorr   .            (no gloves)
SInv    .            (no boots)
Will    .....        (no amulet) Stlth
                     (no ring)
HPRegen 0.29/turn    (no ring)
MPRegen 0.10/turn

%: no passive effects
@: about to teleport
A: horns 2, retaliatory headbutt
a: no special abilities


You were on level 5 of the Dungeon.
You visited 1 branch of the dungeon, and saw 5 of its levels.

You collected 151 gold pieces.


Innate Abilities, Weirdness & Mutations

You have a pair of horns on your head.
You reflexively headbutt those who attack you in melee.


   Skills:
 + Level 4.0 Fighting
 - Level 8.0 Ranged Weapons
 - Level 1.0 Armour
 - Level 2.1 Dodging
 - Level 1.0 Spellcasting
 - Level 2.0 Hexes


You had 7 spell levels left.
You knew the following spells:

 Your Spells              Type           Power      Damage    Failure   Level
a - Slow                  Hex            16%        N/A       16%         1

Your spell library contained the following spells:

 Spells                   Type           Power      Damage    Failure   Level
 Inner Flame              Hex/Fire       2%         N/A       56%         3
 Portal Projectile        Hex/Tloc       4%         N/A       56%         3
 Cause Fear               Hex            2%         N/A       83%         4

Inventory:

Hand Weapons
 Y - a +0 arbalest (weapon)
Armour
 c - a +0 leather armour of cold resistance
 f - the +2 robe "Ylere" (worn) {rElec rPois rN++ Stlth-}
   (You found it on level 3 of the Dungeon)

   rElec:     It insulates you from electricity.
   rPois:     It protects you from poison.
   rN:        It greatly protects you from negative energy.
   Stlth:     It makes you less stealthy.
 g - a +0 cloak (worn)
Jewellery
 h - a ring of poison resistance
Scrolls
 a - 3 scrolls of identify
 e - a scroll of noise {unknown}
Potions
 d - a potion of heal wounds {unknown}

Dungeon Overview and Level Annotations

Branches:
Dungeon (5/15)
 Temple: D:4-7

Altars:
Elyvilon
Kikubaaqudgha

Annotations:
D:5 Dowan


Message History

The black bear closely misses you. The black bear claws you. Dowan misses you.
Duvessa hits you with a +0 short sword.
You shoot a bolt. The bolt hits Duvessa!
You kill Duvessa!
Dowan seems overcome with grief.
Dowan seems to find hidden reserves of power!
Dowan hits you but does no damage.
The black bear bites you but does no damage.
The black bear barely misses you.
The black bear claws you but does no damage.
Dowan hits you with a +0 dagger. The black bear closely misses you.
The black bear barely misses you. The black bear claws you.
Your Ranged Weapons skill increases to level 8!
You shoot a bolt. The bolt closely misses Dowan.
Dowan misses you. Dowan hits you with a +0 dagger.
The black bear closely misses you.
The black bear claws you but does no damage. x2
Dowan hits you but does no damage.
You shoot a bolt. The bolt barely misses Dowan.
Dowan breathes, "And she was my only..."
Dowan mumbles some strange words.
Dowan blinks!
The black bear bites you. The black bear claws you. x2
The black bear bites you but does no damage.
The black bear closely misses you. x2
You shoot a bolt. The bolt closely misses the black bear.
Dowan points at you and mumbles some strange words.
The shard of ice misses you. The black bear bites you.
The black bear claws you but does no damage.
The black bear claws you.
3625 ||| READING scroll of teleportation.
As you read the scroll of teleportation, it crumbles to dust.
You feel strangely unstable.
Dowan gestures wildly while chanting.
Dowan blinks!
The black bear bites you. The black bear claws you.
The black bear barely misses you.
You shoot a bolt. The bolt hits the black bear.
The black bear is lightly wounded.
The black bear bites you. The black bear claws you.
The black bear closely misses you. The black bear bites you.
You die...

#### ###..#####
.........#####
######.......#
#####.#####.#
#.....#####.####
#............[.####
#...######.....)..##.##
##### #.....@...ยค...
######....##h#.....
..........# .# ...
######....# .. . #....#
#.. #....# #.e ######
... .$..


You could see a black bear and Dowan (fast).

Vanquished Creatures
  Duvessa (D:5)
  2 phantoms (D:4)
  A scorpion (D:4)
  2 hounds (D:4)
  An orc priest (D:3)
  A sleepcap (D:4)
  Robin (D:3)
  3 gnolls (D:3)
  7 adders
  A worm (D:3)
  5 orcs
  A ball python (D:2)
  10 endoplasms
  4 giant cockroaches
  14 goblins
  12 hobgoblins
  3 jackals (D:2)
  2 quokkas
  5 bats
  4 frilled lizards
  6 kobolds
  5 rats
91 creatures vanquished.

Notes
Turn   | Place    | Note
-------+----------+-------------------------------------------
     0 | D:1      | qw the Minotaur Hexslinger began the quest for the Orb.
     0 | D:1      | Reached XP level 1. HP: 16/16 MP: 1/1
     0 | D:1      | 0 ||| qw: Version: 0.3-a-46-gb1f654a
     0 | D:1      | 0 ||| qw: Game counter: 1581
     0 | D:1      | 0 ||| qw: Melee chars always use a shield: true
     0 | D:1      | 0 ||| qw: God list: Okawaru
     0 | D:1      | 0 ||| qw: Allow faded altars: false
     0 | D:1      | 0 ||| qw: Do Orc after clearing Dungeon:15 true
     0 | D:1      | 0 ||| qw: Do second Lair branch before Depths: true
     0 | D:1      | 0 ||| qw: Lair rune preference: random
     0 | D:1      | 0 ||| qw: Goals: Normal
     0 | D:1      | 0 ||| PLANNING D:1-11
    29 | D:1      | 29 ||| FLEEEEING.
    30 | D:1      | 30 ||| FLEEEEING.
    31 | D:1      | 31 ||| FLEEEEING.
   156 | D:1      | Reached skill level 3 in Ranged Weapons
   156 | D:1      | Reached XP level 2. HP: 23/23 MP: 2/2
   489 | D:1      | 489 ||| UPGRADING to +0 cloak.
   494 | D:1      | 494 ||| UPGRADING to ring of poison resistance.
   495 | D:1      | 495 ||| READING 2 scrolls labelled PEWUIG TUSH.
   496 | D:1      | 496 ||| READING scroll labelled SOASTRO GITHRE.
   497 | D:1      | 497 ||| DROPPING scroll of poison.
   565 | D:2      | Reached XP level 3. HP: 22/29 MP: 3/3
   581 | D:2      | 581 ||| FLEEEEING.
   587 | D:2      | 587 ||| STAIRDANCE
   673 | D:2      | Reached skill level 4 in Ranged Weapons
   696 | D:2      | Found an ancient bone altar of Kikubaaqudgha.
   963 | D:2      | 963 ||| SWAPPING to +0 arbalest.
   968 | D:2      | 968 ||| DROPPING +1 sling.
   980 | D:2      | 980 ||| UPGRADING to +0 ring mail.
   990 | D:2      | 990 ||| DROPPING +0 robe.
  1070 | D:3      | Reached skill level 1 in Armour
  1070 | D:3      | Reached XP level 4. HP: 34/36 MP: 4/4
  1138 | D:3      | Reached skill level 5 in Ranged Weapons
  1147 | D:3      | 1147 ||| FLEEEEING.
  1151 | D:3      | 1151 ||| STAIRDANCE
  1234 | D:2      | 1234 ||| READING scroll labelled XUETAK GUPISAG.
  1339 | D:3      | Noticed Robin
  1344 | D:3      | Reached skill level 3 in Fighting
  1344 | D:3      | Reached XP level 5. HP: 18/45 MP: 5/5
  1346 | D:3      | 1346 ||| FLEEEEING.
  1347 | D:3      | 1347 ||| FLEEEEING.
  1350 | D:3      | 1350 ||| FLEEEEING.
  1353 | D:3      | 1353 ||| FLEEEEING.
  1354 | D:3      | 1354 ||| FLEEEEING.
  1355 | D:3      | 1355 ||| FLEEEEING.
  1356 | D:3      | 1356 ||| FLEEEEING.
  1357 | D:3      | 1357 ||| FLEEEEING.
  1358 | D:3      | 1358 ||| FLEEEEING.
  1359 | D:3      | 1359 ||| FLEEEEING.
  1360 | D:3      | 1360 ||| FLEEEEING.
  1361 | D:3      | 1361 ||| FLEEEEING.
  1362 | D:3      | 1362 ||| FLEEEEING.
  1363 | D:3      | 1363 ||| FLEEEEING.
  1364 | D:3      | 1364 ||| FLEEEEING.
  1365 | D:3      | 1365 ||| FLEEEEING.
  1366 | D:3      | 1366 ||| FLEEEEING.
  1367 | D:3      | 1367 ||| STAIRDANCE
  1454 | D:3      | 1454 ||| STAIRDANCE
  1534 | D:2      | 1534 ||| UPGRADING to +0 leather armour of cold resistance.
  1550 | D:3      | Killed Robin
  1890 | D:3      | Identified the +2 robe "Ylere" {rElec rPois rN++ Stlth-}
  1954 | D:3      | 1954 ||| DROPPING +0 ring mail.
  1955 | D:3      | Found a faded altar of an unknown god.
  1957 | D:3      | 1957 ||| UPGRADING to +2 robe "Ylere" {rElec rPois rN++
                  | Stlth-}.
  1972 | D:3      | 1972 ||| UPGRADING to +0 leather armour of cold resistance.
  1977 | D:3      | 1977 ||| UPGRADING to +2 robe "Ylere" {rElec rPois rN++
                  | Stlth-}.
  1987 | D:3      | 1987 ||| REMOVING ring of poison resistance.
  2186 | D:3      | 2186 ||| READING 2 scrolls of identify.
  2186 | D:3      | 2186 ||| IDENTIFYING white potion
  2187 | D:3      | 2187 ||| DROPPING potion of magic.
  2202 | D:4      | Noticed a phantom
  2210 | D:4      | Killed a phantom
  2211 | D:4      | Reached skill level 6 in Ranged Weapons
  2211 | D:4      | Reached XP level 6. HP: 39/51 MP: 6/6
  2300 | D:4      | Found a white marble altar of Elyvilon.
  2743 | D:4      | Reached skill level 7 in Ranged Weapons
  2968 | D:4      | Reached XP level 7. HP: 43/59 MP: 7/7
  3534 | D:4      | 3534 ||| READING 2 scrolls labelled XYQ OMUGICAUZA.
  3539 | D:4      | 3539 ||| READING scroll labelled ZYHEDO RACSE.
  3540 | D:4      | 3540 ||| READING scroll labelled COOWKY OVATYCA.
  3541 | D:4      | 3541 ||| READING 2 scrolls labelled APICHOMNANT.
  3542 | D:4      | 3542 ||| DRINKING 2 inky potions.
  3543 | D:4      | 3543 ||| READING 4 scrolls of identify.
  3543 | D:4      | 3543 ||| IDENTIFYING viscous coppery potion
  3544 | D:4      | 3544 ||| DROPPING potion of attraction.
  3545 | D:4      | 3545 ||| DROPPING potion of brilliance.
  3546 | D:4      | 3546 ||| DROPPING scroll of revelation.
  3557 | D:5      | Entered Level 5 of the Dungeon
  3558 | D:5      | 3558 ||| PLANNING SEWER
  3614 | D:5      | Noticed Duvessa
  3616 | D:5      | Noticed Dowan
  3621 | D:5      | Killed Duvessa
  3622 | D:5      | Reached skill level 8 in Ranged Weapons
  3624 | D:5      | HP: 14/59 [black bear (5)]
  3625 | D:5      | 3625 ||| READING scroll of teleportation.
  3626 | D:5      | HP: 4/59 [black bear (4)]
  3626 | D:5      | HP: 1/59 [black bear (3)]
  3626 | D:5      | Slain by a black bear

Levels and vault maps discovered:
D:1:      tarquinn_simple_flora_water_f, layout_rooms, minivault_19,
          minmay_cupped
D:2:      layout_rooms, basic_altar, minivault_23
D:3:      layout_loops_ring, shapermc_ecumenical_altar_notcrosses,
          uniq_crazy_yiuf_cottage, uniq_robin
D:4:      layout_layer_cave, elyvilon_altar_4
D:5:      kennysheep_spiral_hall, layout_rooms, mainiacjoe_overflow_chevrons,
          minmay_temple_entry_poolview, portal_sewer_entry_f,
          uniq_blork_the_orc, uniq_duvessa

Skill      XL: |  1  2  3  4  5  6  7 |
---------------+----------------------+-----
Ranged Weapons | 3 4 5 6 7 8 |  8.0
Fighting       | 2 3 4 |  4.0
Armour         | 1 |  1.0
Dodging        | |  2.1
Spellcasting   | |  1.0
Hexes          | |  2.0

Action                     |  1- 3 |  4- 6 |  7- 9 || total
---------------------------+-------+-------+-------++-------
   Fire: Sling             |   141 |       |       ||   141
         Arbalest          |    16 |   121 |    17 ||   154
    Use: Scroll            |     2 |     2 |     6 ||    10
         Potion            |       |       |     1 ||     1
 Armour: Robe              |    10 |     7 |    15 ||    32
         Ring mail         |     6 |    16 |       ||    22
         Leather armour    |       |     6 |       ||     6
  Dodge: Dodged            |    48 |    51 |    21 ||   120

Table legend:
 A = Non-vault XP
 B = Vault XP
 C = Vault XP percentage of total XP
 D = Non-vault monster count
 E = Vault monster count
 F = Vault count percentage of total count
                 A         B        C        D         E       F
            +---------+---------+-------+---------+---------+-------
      Total |     701 |     190 |  21.3 |      75 |      16 |  17.6
            +---------+---------+-------+---------+---------+-------
        D:1 |      26 |       5 |  16.1 |      16 |       3 |  15.8
        D:2 |      63 |       0 |   0.0 |      28 |       0 |   0.0
        D:3 |     152 |      36 |  19.1 |      19 |      12 |  38.7
        D:4 |     460 |       0 |   0.0 |      12 |       0 |   0.0
        D:5 |       0 |     149 | 100.0 |       0 |       1 | 100.0
            +---------+---------+-------+---------+---------+-------
